Map: Orbital Shipyard

Players

Tefel

  • Race: Zerg Zerg
  • League: Grandmaster

TomikuS - Winner!

  • Race: Zerg Zerg
  • League: Grandmaster

Event: Lycan League Weekly August #1

VOD

Have the link to the VOD?

Description

Time

  • Played on: Aug. 3, 2015, 1:18 p.m.
  • Length: 13:04

All games in this series

Show
View Real Time Build Order
Export as new Build Order

Tefel Zerg 

Build Orders: Pool First 

Get SALT Encoding   

  12  0:00  Drone  
  13  0:08  Drone  
  14  0:17  Overlord  
  14  0:22  Extractor  
  14  0:23  Drone  
  15  0:35  Drone x2  
  17  0:43  Drone  
  17  0:48  Spawning Pool  
  17  0:56  Drone  
  18  1:11  Hatchery  
  18  1:13  Drone  
  18  1:17  Extractor  
  17  1:19  Drone  
  18  1:26  Drone  
  19  1:34  Queen  
  19  1:37  Drone  
  22  1:53  Hatchery  
  21  1:58  Overlord  
  21  2:02  Drone  
  22  2:16  Queen  
  22  2:18  Metabolic Boost  
  22  2:21  Drone  
  25  2:23  Drone  
  25  2:27  Drone  
  27  2:32  Drone  
  27  2:34  Drone  
  29  2:42  Drone x3  
  32  2:44  Drone  
  32  2:50  Baneling Nest  
  32  2:51  Drone  
  33  2:54  Drone  
  33  2:56  Drone  
  35  3:05  Zergling x2  
  36  3:06  Drone  
  36  3:07  Zergling x2  
  38  3:16  Overlord  
  38  3:19  Zergling x8  
  42  3:23  Overlord  
  42  3:29  Overlord  
  42  3:31  Drone x4  
  42  3:33  Drone  
  38  3:35  Drone  
  38  3:37  Drone  
  40  3:43  Drone  
  40  3:47  Drone x2  
  40  3:48  Drone x3  
  44  3:53  Drone  
  47  4:02  Drone x5  
  51  4:03  Drone  
  51  4:07  Zergling x4  
  51  4:08  Zergling x2  
  52  4:15  Lair  
  52  4:16  Zergling x2  
  53  4:17  Zergling x2  
  53  4:19  Zergling x2  
  55  4:27  Zergling x4, Baneling x2  
  55  4:30  Baneling  
  55  4:31  Zergling x2  
  58  4:33  Zergling x2  
  58  4:35  Zergling x2  
  58  4:36  Zergling x6  
  58  4:37  Zergling x2  
  64  4:40  Zergling x4  
  64  4:41  Overlord  
  64  4:42  Overlord  
  64  4:44  Roach Warren  
  65  4:45  Overlord  
  61  4:52  Zergling x2  
  61  4:54  Zergling x2  
  59  5:01  Drone x2  
  59  5:03  Baneling x2  
  59  5:04  Baneling  
  59  5:05  Drone  
  59  5:06  Drone  
  53  5:10  Drone x5  
  53  5:14  Drone, Extractor  
  57  5:15  Drone x3  
  57  5:16  Drone  
  57  5:17  Drone  
  63  5:22  Drone  
  63  5:26  Queen  
  63  5:28  Extractor  
  65  5:34  Spine Crawler, Roach x2  
  66  5:38  Roach  
  66  5:39  Roach  
  66  5:41  Roach  
  72  5:45  Roach  
  72  5:47  Zergling x8  
  72  5:49  Zergling x2  
  79  5:52  Roach  
  79  5:54  Roach  
  83  6:00  Roach  
  85  6:04  Drone  
  85  6:05  Drone  
  85  6:08  Zergling x4  
  87  6:13  Zergling x4  
  87  6:18  Overlord, Glial Reconstitution  
  83  6:19  Drone x6  
  83  6:23  Overlord  
  89  6:27  Overlord  
  88  6:35  Overlord  
  88  6:36  Drone  
  89  6:42  Overlord  
  89  6:43  Roach x2  
  93  6:47  Overlord  
  92  6:54  Roach  
  92  6:55  Roach x5  
  92  6:58  Roach  
  92  6:59  Roach  
  108  7:04  Roach  
  110  7:09  Roach x2  
  110  7:14  Roach  
  116  7:20  Overlord x2  
  116  7:21  Roach x3  
  122  7:26  Roach  
  122  7:28  Roach  
  122  7:29  Roach  
  128  7:30  Overlord x2  
  128  7:39  Roach x2  
  128  7:40  Roach x4  
  128  7:42  Queen, Zergling x2  
  143  7:44  Roach  
  143  7:48  Overlord x2  
  143  7:50  Roach  
  149  7:51  Roach  
  149  7:56  Roach  
  149  7:58  Roach  
  153  8:00  Roach  
  153  8:03  Roach  
  142  8:05  Roach  
  142  8:08  Roach  
  142  8:12  Roach  
  127  8:16  Drone x3  
  127  8:19  Drone x2  
  120  8:21  Drone x6  
  120  8:26  Extractor  
  119  8:27  Extractor  
  119  8:28  Drone  
  119  8:29  Drone  
  119  8:31  Evolution Chamber, Drone  
  119  8:32  Extractor  
  119  8:40  Roach x2  
  123  8:42  Roach  
  125  8:49  Drone  
  125  8:50  Drone  
  125  8:52  Hatchery  
  129  8:55  Drone x4  
  129  8:59  Overlord, Roach x2  
  129  9:01  Roach x3  
  140  9:04  Overlord  
  140  9:06  Overlord  
  140  9:10  Zerg Missile Weapons Level 1  
  140  9:12  Overlord  
  140  9:17  Roach  
  140  9:18  Roach x2  
  140  9:19  Roach  
  140  9:21  Roach  
  140  9:24  Ravager x4  
  154  9:26  Roach  
  154  9:27  Roach  
  154  9:28  Roach  
  160  9:31  Roach  
  160  9:32  Roach  
  160  9:33  Roach  
  160  9:37  Roach  
  160  9:38  Roach  
  161  9:39  Roach  
  161  9:40  Roach  
  161  9:42  Roach  
  161  9:45  Roach x2  
  161  9:48  Roach  
  161  9:49  Roach  
  161  9:51  Roach  
  161  9:52  Roach  
  140  9:54  Roach  
  140  9:56  Roach  
  140  9:58  Roach  
  130  10:00  Roach  
  130  10:02  Roach  
  130  10:03  Roach  
  130  10:06  Roach  
  136  10:10  Roach x2  
  138  10:15  Roach x2  
  138  10:17  Roach  
  144  10:24  Roach  
  144  10:25  Roach  
  148  10:30  Roach  
  148  10:33  Roach  
  152  10:36  Roach x2  
  152  10:39  Roach x5  
  152  10:41  Roach x2  
  170  10:47  Roach x3  
  176  10:51  Roach  
  176  10:54  Roach x3  
  176  10:55  Roach  
  182  10:57  Roach  
  182  11:00  Roach  
  182  11:01  Roach  
  182  11:04  Roach  
  190  11:06  Zerg Ground Armor Level 1  
  190  11:10  Roach  
  192  11:12  Roach  
  192  11:13  Roach  
  192  11:14  Ravager  
  192  11:15  Ravager  
  192  11:17  Overlord  
  198  11:20  Roach  
  198  11:22  Roach  
  200  11:46  Roach x2  
  200  11:47  Roach  
  200  11:52  Roach x4  
  200  11:53  Roach x4  
  180  11:56  Roach x4  
  180  11:57  Roach  
  180  12:00  Roach  
  148  12:03  Roach  
  148  12:04  Roach  
  148  12:05  Roach  
  146  12:10  Roach  
  146  12:13  Roach  
  150  12:19  Ravager  
  150  12:20  Roach x2  
  150  12:21  Roach  
  155  12:23  Ravager  
  155  12:24  Ravager  
  155  12:27  Roach  
  158  12:30  Roach  
  158  12:31  Roach  
  158  12:33  Roach  
  158  12:35  Drone x3  
  158  12:36  Roach  
  169  12:38  Roach x2  
  169  12:43  Roach x2  
Show
View Real Time Build Order
Export as new Build Order

TomikuS Zerg - Winner!

Build Orders: Hatch First, Zergling Baneling 

Get SALT Encoding   

  12  0:01  Drone  
  13  0:12  Overlord  
  13  0:20  Drone  
  14  0:31  Drone x2  
  16  0:39  Drone  
  17  0:52  Hatchery  
  17  0:55  Drone  
  17  0:59  Drone  
  18  1:04  Extractor  
  17  1:14  Spawning Pool  
  17  1:18  Drone  
  17  1:20  Drone  
  18  1:31  Drone  
  19  1:40  Overlord  
  19  1:50  Drone  
  20  2:04  Queen x2  
  20  2:07  Zergling x2  
  25  2:11  Baneling Nest  
  24  2:16  Drone x3  
  27  2:27  Metabolic Boost  
  27  2:29  Overlord  
  27  2:31  Drone  
  28  2:40  Drone x2  
  30  2:50  Drone x2  
  32  2:56  Baneling x2  
  32  3:04  Drone x2  
  34  3:10  Roach Warren  
  33  3:13  Drone x6  
  33  3:18  Overlord  
  39  3:31  Overlord  
  39  3:34  Extractor  
  37  3:39  Zergling x2  
  37  3:40  Zergling x2  
  39  3:42  Zergling x6  
  39  3:45  Zergling x2  
  39  3:46  Zergling x12  
  49  3:55  Zergling x2  
  49  3:56  Zergling x4  
  50  4:22  Queen  
  50  4:23  Overlord  
  50  4:24  Hatchery, Drone x3  
  52  4:25  Drone x2  
  52  4:27  Baneling x2  
  52  4:28  Baneling x3  
  52  4:30  Baneling x2  
  51  5:02  Roach  
  51  5:03  Roach x9  
  63  5:08  Zergling x2  
  63  5:09  Extractor, Zergling x6  
  66  5:14  Zergling x2  
  66  5:19  Lair, Extractor  
  66  5:20  Zergling x2  
  67  5:35  Drone  
  68  5:37  Overlord  
  68  5:42  Drone x6  
  74  5:43  Overlord x2  
  74  5:53  Baneling x4  
  74  5:54  Queen, Baneling x2  
  76  5:57  Drone x2  
  76  5:58  Drone x3  
  76  5:59  Drone  
  82  6:07  Evolution Chamber  
  79  6:18  Glial Reconstitution  
  79  6:19  Drone  
  79  6:20  Drone x2  
  81  6:34  Roach x5  
  81  6:35  Drone x11  
  92  6:41  Zerg Missile Weapons Level 1  
  92  6:45  Overlord  
  92  6:49  Extractor x2  
  92  6:50  Ravager x6  
  91  6:57  Ravager x4  
  95  7:02  Overlord x5  
  95  7:05  Baneling x2  
  95  7:07  Roach x5  
  105  7:17  Drone  
  105  7:18  Overlord x2  
  105  7:22  Drone  
  107  7:23  Drone x3, Overlord  
  110  7:31  Roach  
  110  7:32  Roach x8  
  128  7:43  Roach  
  136  7:44  Roach x4  
  136  7:45  Evolution Chamber  
  136  7:50  Pneumatized Carapace  
  137  7:53  Roach  
  137  7:54  Roach x3  
  143  8:00  Roach  
  126  8:08  Roach  
  126  8:09  Roach x7  
  126  8:16  Roach x4  
  129  8:30  Roach x3  
  129  8:31  Roach x2  
  129  8:33  Ravager  
  143  8:34  Ravager x3  
  143  8:35  Ravager  
  143  8:37  Zergling x2  
  143  8:38  Zergling x2  
  146  8:44  Roach  
  146  8:45  Roach x2  
  152  8:54  Roach  
  152  8:55  Roach  
  156  9:02  Hatchery  
  155  9:06  Roach  
  155  9:07  Roach x6  
  155  9:09  Overlord, Zerg Missile Weapons Level 2  
  169  9:16  Ravager  
  170  9:25  Extractor  
  170  9:27  Extractor  
  155  9:45  Roach  
  141  9:46  Roach x18  
  131  10:06  Roach  
  141  10:07  Roach x5  
  138  10:16  Baneling x4  
  138  10:19  Roach  
  138  10:20  Roach x3  
  146  10:24  Roach  
  146  10:25  Roach x9  
  164  10:31  Ravager x2  
  164  10:32  Ravager  
  167  10:37  Roach x4  
  167  10:40  Overlord  
  175  10:44  Overlord  
  175  10:46  Roach x4  
  175  10:48  Ravager  
  182  10:59  Ravager x2  
  182  11:00  Overlord x2  
  184  11:14  Ravager x3  
  184  11:16  Overlord x3  
  184  11:17  Zergling x2  
  184  11:18  Zergling x16  
  194  11:20  Zergling x4  
  198  11:30  Ravager x2  
  159  11:57  Roach x3  
  159  11:58  Roach x11  
  164  12:16  Roach x5  
  164  12:17  Roach x2  
  178  12:28  Ravager  
  178  12:29  Ravager x9  
  188  12:30  Roach  
  188  12:31  Roach  
  192  12:37  Roach  
  192  12:38  Roach  

Tags
 
Add a new tag
Caveats
  • Supply blocks, unpowered buildings, or Contaminate may cause inaccurate times.
  • Supply counts are checked every 10 seconds.